 Dungeon Crawl Stone Soup version 0.28-a0-533-g9f97627e2a (webtiles) character file.

Game seed: 18440215656511928900

2294 Keckonius the Cleaver (level 9, 0/79 HPs)
             Began as a Minotaur Berserker on Sept 24, 2021.
             Was a Priest of Trog.
             Killed by divine providence
             ... invoked by an orc priest
              (10 damage)
             ... on level 8 of the Dungeon on Sept 25, 2021.
             The game lasted 00:46:14 (8884 turns).

Keckonius the Cleaver (Minotaur Berserker)          Turns: 8884, Time: 00:46:14

Health: 0/79       AC:  8    Str: 26    XL:     9   Next: 17%
Magic:  0/8        EV: 10    Int:  4    God:    Trog [***...]
Gold:   480        SH:  6    Dex:  9    Spells: 8/8 levels left

rFire   . . .      SeeInvis .   K - +0 war axe
rCold   + . .      Faith    .   p - +0 kite shield
rNeg    . . .      Spirit   +   t - +3 leather armour {rC+}
rPois   .          Reflect  .   (helmet restricted)
rElec   .          Harm     .   (no cloak)
rCorr   .          Rampage  .   (no gloves)
Will    .....                   E - +0 pair of boots
Stlth   +.........              C - amulet of guardian spirit
HPRegen 0.23/turn               (no ring)
MPRegen 0.11/turn               (no ring)

@: on berserk cooldown, flying, slowed, very slow
A: horns 2, retaliatory headbutt
a: Renounce Religion, Berserk, Trog's Hand


You were on level 8 of the Dungeon.
You worshipped Trog.
Trog was most pleased with you.
You visited 1 branch of the dungeon, and saw 8 of its levels.

You collected 480 gold pieces.

Inventory:

Hand Weapons
 a - a +0 hand axe
 f - a +0 dagger
 g - a +0 short sword
 h - a +0 whip
 i - a +2 dagger of draining
 l - a +0 short sword
 m - a +0 short sword
 G - a +1 hand axe of venom
 K - a +0 war axe (weapon)
Missiles
 q - 6 silver boomerangs
 L - 32 poisoned darts (quivered)
Armour
 b - a +0 animal skin
 d - a +0 ring mail
 j - a +0 leather armour
 o - a +0 scale mail
 p - a +0 kite shield (worn)
 t - a +3 leather armour of cold resistance (worn)
 v - a +2 hat
 E - a +0 pair of boots (worn)
Jewellery
 C - an amulet of guardian spirit (around neck)
 D - a ring of protection from fire
 J - a +4 ring of protection
Scrolls
 c - a scroll of holy word
 e - 2 scrolls of noise {unknown}
 k - 3 scrolls of identify
 n - 2 scrolls of silence
 r - a scroll of teleportation
 s - 2 scrolls of immolation {unknown}
 x - a scroll of enchant armour {unknown}
 y - a scroll of fear {unknown}
 A - 4 scrolls of fog {unknown}
 B - 2 scrolls of amnesia {unknown}
 H - a scroll of vulnerability {unknown}
Potions
 u - a potion of might
 w - 2 potions of curing
 z - a potion of lignification
 F - 2 potions of flight
 I - 2 potions of resistance {unknown}


   Skills:
 + Level 7.5 Fighting
 * Level 10.0 Axes
 + Level 7.0 Armour
 + Level 6.3 Dodging


You had 8 spell levels left.
You didn't know any spells.
Your spell library was empty.

Dungeon Overview and Level Annotations

Branches:
Dungeon (8/15)             Temple (0/1) D:7
   Lair: D:8-11

Altars:
Ashenzari
Fedhas
Hepliaklqana
Qazlal
Xom
Yredelemnul

Shops:
D:1 ?


Innate Abilities, Weirdness & Mutations

You have a pair of horns on your head.
You reflexively headbutt those who attack you in melee.


Message History

The orc priest calls down the wrath of Beogh upon you.
Beogh smites you!
You slash the orc warrior! Your headbutt misses the orc warrior.
The orc warrior is heavily wounded.
The orc warrior hits you with a +0 dire flail!
The orc priest looks braver for a moment.
A red film seems to cover your vision as you go berserk!
You feel yourself moving faster!
You feel mighty!
The orc warrior hits you but does no damage.
You barely miss the orc warrior.
The orc warrior is heavily wounded.
The orc warrior hits you with a +0 dire flail!!
You hit the orc warrior but do no damage.
The orc warrior is heavily wounded.
The orc warrior hits you with a +0 dire flail.
Okay, then.
You slash the orc warrior!
You kill the orc warrior!
Trog accepts your kill.
The orc priest invokes the aid of Beogh against you.
Pain shoots through your body!
* * * LOW HITPOINT WARNING * * *
Your Axes skill increases to level 10!
Your Armour skill increases to level 7!
You feel a strong urge to attack something.
You see here a +0 mace.
You are no longer berserk.
You are exhausted.
You feel yourself slow down.
The orc priest looks satisfied for a moment.
The orc priest looks satisfied for a moment.
The orc priest mumbles some strange prayers to Beogh against you.
Beogh smites you!
* * * LOW HITPOINT WARNING * * *
It was a potion of flight.
You feel very buoyant.
You fly up into the air.
The orc priest looks satisfied for a moment.
The orc priest mumbles some strange prayers to Beogh against you.
Beogh smites you!
You die...

................#.#
#####.#..########.#
...#..# #..# ### #..#
#.## #..# #.# #..#
#.# #..# #.# #..# #.#
#@# # #
####.########...#
#..###..).o.).))o.o.#
#......###########.##
##.###.# #.# #.# #.#
#.#


You could see an orc priest.

Vanquished Creatures
  Grinder (D:5)
  A vampire mosquito (D:8)
  2 steam dragons
  Menkaure (D:5)
  An orc warrior (D:8)
  A black bear (D:6)
  3 sky beasts
  A centaur (D:7)
  2 ogres
  A phantom (D:5)
  A bullfrog (D:6)
  A gnoll sergeant (D:7)
  A scorpion (D:6)
  A wyvern skeleton (D:7)
  A killer bee (D:7)
  A centaur zombie (D:6)
  A bullfrog zombie (D:7)
  4 bullfrog skeletons
  2 jellies
  A gnoll shaman (D:4)
  A hound (D:4)
  3 orc wizards
  8 gnolls
  4 adders
  A shadow imp (D:6)
  A white imp (D:6)
  2 worms
  A dart slug (D:4)
  17 orcs
  11 endoplasms
  4 giant cockroaches
  5 goblins
  7 hobgoblins
  A jackal (D:3)
  2 quokkas
  8 ball pythons
  6 bats
  6 frilled lizards
  12 kobolds
  4 rats (D:3)
132 creatures vanquished.

Vanquished Creatures (others)
  An orc (D:7)
  2 bushes (D:8)
  11 plants (D:8)
14 creatures vanquished.

Grand Total: 146 creatures vanquished

Notes
Turn   | Place    | Note
-------+----------+-------------------------------------------
     0 | D:1      | Keckonius the Minotaur Berserker began the quest for the
                  | Orb.
     0 | D:1      | Reached XP level 1. HP: 19/19 MP: 0/0
   609 | D:1      | Found Inyov's Magic Scroll Boutique.
   714 | D:1      | You fall into a shaft and drop 1 floor!
   727 | D:1      | Reached XP level 2. HP: 12/23 MP: 1/1
   730 | D:1      | Reached skill level 4 in Axes
  1089 | D:1      | Reached ** piety under Trog
  1398 | D:1      | Reached XP level 3. HP: 33/33 MP: 2/2
  1615 | D:2      | Reached XP level 4. HP: 40/40 MP: 3/3
  2333 | D:3      | Noticed an ogre
  2347 | D:3      | Killed an ogre
  2348 | D:3      | Reached skill level 5 in Axes
  2348 | D:3      | Reached XP level 5. HP: 31/47 MP: 4/4
  2740 | D:3      | Found a bloodstained altar of Trog.
  2742 | D:3      | Found a blossoming altar of Fedhas.
  2742 | D:3      | Found a stormy altar of Qazlal.
  2744 | D:3      | Found a broken altar of Ashenzari.
  2744 | D:3      | Found a shimmering altar of Xom.
  2744 | D:3      | Found a hazy altar of Hepliaklqana.
  4063 | D:4      | Reached XP level 6. HP: 52/55 MP: 5/5
  4143 | D:4      | Reached skill level 6 in Axes
  4209 | D:5      | Entered Level 5 of the Dungeon
  4265 | D:4      | Reached skill level 5 in Fighting
  4562 | D:4      | Found a basalt altar of Yredelemnul.
  5219 | D:5      | Noticed Menkaure
  5237 | D:5      | Killed Menkaure
  5238 | D:5      | Reached XP level 7. HP: 61/61 MP: 6/6
  5417 | D:5      | Reached skill level 7 in Axes
  5457 | D:5      | Noticed Grinder
  5467 | D:5      | Paralysed by Grinder for 3 turns
  5475 | D:5      | Killed Grinder
  5476 | D:5      | Reached skill level 5 in Armour
  6184 | D:6      | Reached skill level 8 in Axes
  6184 | D:6      | Reached XP level 8. HP: 58/70 MP: 7/7
  6327 | D:6      | Reached skill level 5 in Dodging
  6468 | D:6      | Reached *** piety under Trog
  6990 | D:7      | Noticed a troll
  6990 | D:7      | Noticed a slime creature
  7200 | D:7      | Reached skill level 9 in Axes
  7495 | D:7      | Found a staircase to the Ecumenical Temple.
  8287 | D:8      | Reached XP level 9. HP: 12/79 MP: 8/8
  8786 | D:8      | Found a blossoming altar of Fedhas.
  8878 | D:8      | Reached skill level 10 in Axes
  8884 | D:8      | Killed from afar by an orc priest

Illustrated notes

Levels and vault maps discovered:
D:1:      eino_arrival_cavern_a, layout_basic, serial_shops,
          nicolae_shop_crystal
D:2:      layout_basic
D:3:      minmay_octagon_keep, layout_basic, doesnt_xom_only_xom,
          minmay_misc_feat_more_columns, minmay_misc_feat_x
D:4:      kb_forest_paths, layout_basic, mainiacjoe_overflow_boulevard
D:5:      layout_gridville, uniq_menkaure, uniq_grinder
D:6:      layout_cave_pools
D:7:      kennysheep_spiral_hall, layout_cave_pools,
          minmay_temple_entry_statues_fountains, lightli_corner_chamber
D:8:      layout_loops_ring, fedhas_altar_decomposition

Skill      XL: |  1  2  3  4  5  6  7  8  9 |
---------------+----------------------------+-----
Axes           | 4 5 6 8 9 10 | 10.0
Fighting       | 4 5 6 7 |  7.5
Armour         | 3 4 5 6 7 |  7.0
Dodging        | 3 4 6 |  6.3

Action                   |  1- 3 |  4- 6 |  7- 9 || total
-------------------------+-------+-------+-------++-------
Melee: Hand axe          |    67 |   158 |   136 ||   361
       Headbutt          |    11 |    24 |    39 ||    74
       War axe           |       |       |    29 ||    29
Throw: Boomerang         |       |       |     3 ||     3
Invok: Berserk           |     1 |     1 |     2 ||     4
       Trog's Hand       |       |     1 |     1 ||     2
  Use: Scroll            |       |     3 |     4 ||     7
       Potion            |       |     3 |     3 ||     6
Armor: Ring mail         |    16 |       |       ||    16
       Scale mail        |     7 |    21 |       ||    28
       Leather armour    |       |    24 |    74 ||    98
       Skin              |       |     4 |       ||     4
Dodge: Dodged            |    36 |    52 |    53 ||   141
Block: Kite shield       |       |    27 |    43 ||    70

Table legend: (Time is in decaauts)
 A = Elapsed time spent in this place.
 B = Non-inter-level travel time spent in this place.
 C = Inter-level travel time spent in this place.
 D = Time resting spent in this place.
 E = Time spent auto-exploring this place.
 F = Levels seen in this place.
 G = Mean time per level.
                   A        B        C        D        E       F      G
               +--------+--------+--------+--------+--------+-----+--------+
         Total |   8955 |   8241 |    714 |   2545 |   3894 |   8 | 1119.4 |
       Dungeon |   8955 |   8241 |    714 |   2545 |   3894 |   8 | 1119.4 |
               +--------+--------+--------+--------+--------+-----+--------+

Top non-repeatable levels by time:
     D:4: 1627 daAuts
     D:1: 1588 daAuts
     D:3: 1271 daAuts
     D:5: 1266 daAuts
     D:7: 1058 daAuts
     D:2: 844 daAuts
     D:6: 675 daAuts
     D:8: 623 daAuts
